 Dungeon Crawl Stone Soup version 0.26.1-2-gb8aa6d0cf2 (webtiles) character file.

Game seed: 13568869510573156658

148 infcreate the Vexing (level 5, 0/29 HPs)
             Began as a Vampire Enchanter on Mar 31, 2021.
             Was an Initiate of Dithmenos.
             Killed by divine providence
             ... invoked by an orc priest
              (10 damage)
             ... on level 4 of the Dungeon.
             The game lasted 00:14:02 (2932 turns).

infcreate the Vexing (Vampire Enchanter)            Turns: 2932, Time: 00:14:02

Health: 0/29       AC:  2    Str:  7    XL:     5   Next: 8%
Magic:  2/8        EV: 13    Int: 18    God:    Dithmenos [......]
Gold:   155        SH:  0    Dex: 15    Spells: 2/8 levels left

rFire    . . .     SeeInvis +   a - +1 dagger
rCold    + + .     Faith    .   (no shield)
rNeg     + + +     Spirit   .   b - +0 robe
rPois    ∞         Reflect  .   (no helmet)
rElec    .         Harm     .   (no cloak)
rCorr    .         Rampage  .   (no gloves)
Will     .....                  (no boots)
Stlth    +++++.....             (no amulet)
HPRegen  0.00/turn              (no ring)
MPRegen  0.11/turn              (no ring)

@: confusing touch, bloodless
A: fangs 3, see invisible, unbreathing
a: Bat Form, Revivify, Renounce Religion


You were on level 4 of the Dungeon.
You worshipped Dithmenos.
Dithmenos was noncommittal.
You visited 2 branches of the dungeon, and saw 5 of its levels.

You collected 155 gold pieces.

Inventory:

Hand Weapons
 a - a +1 dagger (weapon)
Armour
 b - a +0 robe (worn)
Scrolls
 c - a scroll of random uselessness {unknown}
 d - a scroll of blinking
 g - 5 scrolls of remove curse
 h - 5 scrolls of identify
 i - a scroll of enchant weapon {unknown}
 l - 2 scrolls of teleportation
 o - a scroll of magic mapping {unknown}
 p - a scroll of fear {unknown}
 r - a scroll of fog {unknown}
Potions
 e - a potion of brilliance
 f - 3 potions of attraction
 j - a potion of heal wounds {unknown}
 k - a potion of curing {unknown}
 m - a potion of haste {unknown}
 n - a potion of resistance {unknown}
 q - a potion of flight {unknown}
 s - a potion of invisibility {unknown}


   Skills:
 + Level 1.1 Fighting
 * Level 2.7 Short Blades
 * Level 3.2 Dodging
 * Level 5.4 Stealth
 + Level 2.3 Spellcasting
 * Level 5.4 Hexes


You had 2 spell levels left.
You knew the following spells:

 Your Spells              Type           Power        Failure   Level
a - Corona                Hex            23%          1%          1
b - Ensorcelled Hibernat  Hex/Ice        22%          9%          2
c - Confusing Touch       Hex            21%          5%          3

Your spell library contained the following spells:

 Spells                   Type           Power        Failure   Level
 Tukima's Dance           Hex            21%          5%          3
 Dazzling Flash           Conj/Hex       22%          17%         3


Dungeon Overview and Level Annotations

Branches:
Dungeon (4/15)             Temple (1/1) D:4

Altars:
Dithmenos
Elyvilon
Gozag
Kikubaaqudgha
Nemelex Xobeh
Okawaru
Uskayaw
Vehumet
Yredelemnul
The Shining One


Innate Abilities, Weirdness & Mutations

You do not regenerate when monsters are visible.
You are frail without blood (-20% HP).
You can heal yourself when you bite living creatures.
You are immune to poison.
You have razor-sharp teeth.
You have supernaturally acute eyesight. (SInv)
You can survive without breathing.


Message History

You hit the orc wizard but do no damage.
The orc wizard is moderately wounded.
You barely miss the orc wizard.
The orc wizard is moderately wounded.
The orc wizard closely misses you.
You closely miss the orc wizard.
The orc wizard is moderately wounded.
You hit the orc wizard but do no damage.
The orc wizard is moderately wounded.
The orc wizard seems less confused.
The orc priest barely misses you. The orc wizard casts a spell at you.
You resist with some effort.
Casting: Confusing Touch (quite dangerous; 5% risk of failure)
Confirm with . or Enter, or press ? or * to list all spells.
The spell is quite dangerous to cast (5% risk of failure)!
Continue anyway?
Your hands begin to glow red.
The orc wizard hits you with a +0 dagger.
The orc priest calls down the wrath of Beogh upon you.
Beogh smites you!
You die...

..)...## #...#...#...#..#######
.......# #.⌠.#.⌠...⌠.####
..o....## #...#...#...# ........#
############# ....o...## #..#
.........# #..# ######
.........########.##########.....
............)..oo................
........#.######@................
........#.# #.................
........#.# #.................
.......##.# #............#####
....... #.# #.#####.....## .....#
#.# #.# ##....# ..... #.. ..#
##.### ..# ###


You could see an orc priest and an orc wizard.

Vanquished Creatures
  A bullfrog skeleton (D:4)
  4 adders
  A shadow imp (D:2)
  A worm (D:3)
  A dart slug (D:2)
  4 leopard geckos
  3 orcs
  8 bats
  4 giant cockroaches
  9 goblins
  5 hobgoblins
  2 quokkas
  A ball python (D:1)
  3 frilled lizards
  7 kobolds
  A quokka skeleton (D:4)
  9 rats
64 creatures vanquished.

Notes
Turn   | Place    | Note
-------+----------+-------------------------------------------
     0 | D:1      | infcreate the Vampire Enchanter began the quest for the
                  | Orb.
     0 | D:1      | Reached XP level 1. HP: 13/13 MP: 3/3
   328 | D:1      | Reached XP level 2. HP: 19/19 MP: 0/5
   341 | D:1      | Learned a level 2 spell: Ensorcelled Hibernation
   797 | D:2      | Reached XP level 3. HP: 20/20 MP: 6/6
   873 | D:2      | Found a radiant altar of Vehumet.
  1024 | D:2      | Reached skill level 5 in Stealth
  1036 | D:2      | Learned a level 3 spell: Confusing Touch
  1212 | D:2      | Reached skill level 5 in Hexes
  1245 | D:2      | Reached XP level 4. HP: 24/24 MP: 4/7
  1553 | D:2      | Found a sparkling altar of Nemelex Xobeh.
  2028 | D:3      | Reached skill level 1 in Fighting
  2699 | D:4      | Found a staircase to the Ecumenical Temple.
  2705 | Temple   | Entered the Ecumenical Temple
  2726 | Temple   | Became a worshipper of Dithmenos the Shadowed
  2798 | D:4      | Reached XP level 5. HP: 18/29 MP: 4/8
  2932 | D:4      | Killed from afar by an orc priest

Illustrated notes

Levels and vault maps discovered:
D:1:      matt_arrival_diagonals, layout_basic
D:2:      layout_basic, vehumet_crystals, nicolae_overflow_hidden_temple
D:3:      layout_basic
D:4:      layout_cave_pods, general_overflow_altar,
          minmay_temple_entry_nine_rooms, nicolae_underground_beach
Temple:   eino_temple_scatter_basement

Skill      XL: |  1  2  3  4 |
---------------+-------------+-----
Short Blades   | 2 |  2.7
Stealth        | 5 |  5.4
Hexes          | 5 |  5.4
Dodging        | 3 |  3.2
Fighting       | 1 |  1.1
Spellcasting   | |  2.3

Action                   |  1- 3 |  4- 6 || total
-------------------------+-------+-------++-------
Melee: Dagger            |    71 |   107 ||   178
       Bite              |     4 |     7 ||    11
 Cast: Corona            |    14 |     8 ||    22
       Ensorcelled Hiber |    13 |    16 ||    29
       Confusing Touch   |       |     4 ||     4
 Abil: Exsanguinate      |     1 |       ||     1
  Use: Scroll            |     1 |     7 ||     8
 Stab: Sleeping          |    18 |    20 ||    38
       Confused          |       |     2 ||     2
Armor: Robe              |    19 |    11 ||    30
Dodge: Dodged            |    37 |    44 ||    81
